 Dungeon Crawl Stone Soup version 0.30-a0-782-ge64f9170bb (webtiles) character file.

Game seed: 15276300420375874041

85 Barriton the Firebug (level 4, -1/33 HPs)
             Began as a Draconian Fire Elementalist on Feb 28, 2023.
             Slain by an iguana (12 damage)
             ... on level 4 of the Dungeon.
             The game lasted 00:04:10 (2406 turns).

Barriton the Firebug (Draconian Fire Elementalist)  Turns: 2406, Time: 00:04:11

Health: -1/33      AC:  5    Str: 10    XL:     4   Next: 25%
Magic:  2/8        EV: 12    Int: 18    God:
Gold:   166        SH:  0    Dex: 11    Spells: 6/9 levels left

rFire   . . .      SeeInvis .    k - +0 spear
rCold   . . .      Faith    .    (no shield)
rNeg    . . .      Spirit   .    (body armour unavailable)
rPois   .          Reflect  .    (helmet restricted)
rElec   .          Harm     .    (no cloak)
rCorr   .          Rampage  .    (no gloves)
Will    .....                    (no boots)
Stlth   ++                       i - amulet of magic regeneration
HPRegen 0.25/turn                f - ring of wizardry
MPRegen 0.51/turn                (no ring)

@: no status effects
A: AC +5, unfitting armour, cold-blooded
a: no special abilities


You were on level 4 of the Dungeon.
You visited 1 branch of the dungeon, and saw 4 of its levels.

You collected 166 gold pieces.

Inventory:

Hand Weapons
 k - a +0 spear (weapon)
Jewellery
 f - a ring of wizardry (left hand)
 i - an amulet of magic regeneration (around neck)
Potions
 a - a potion of magic
 b - a potion of berserk rage {unknown}
 d - a potion of degeneration
 e - 2 potions of curing
 h - a potion of attraction {unknown}
 j - 2 potions of mutation {unknown}


   Skills:
 + Level 1.9 Dodging
 + Level 2.1 Stealth
 + Level 3.0 Spellcasting
 + Level 1.2 Conjurations
 + Level 4.0 Fire Magic


You had 6 spell levels left.
You knew the following spells:

 Your Spells              Type           Power      Damage    Failure   Level
a - Foxfire               Conj/Fire      48%        2x1d6     2%          1
b - Scorch                Fire           34%        2d7       1%          2

Your spell library contained the following spells:

 Spells                   Type           Power      Damage    Failure   Level
 Apportation              Tloc           4%         N/A       6%          1
 Necrotise                Necr           8%         1d4       6%          1
 Sandblast                Erth           4%         2d4       6%          1
 Summon Small Mammal      Summ           8%         N/A       6%          1
 Inner Flame              Hex/Fire       10%        N/A       9%          3
 Passwall                 Tmut/Erth      1%         N/A       10%         2
 Kindle Blastsparks       Fire/Tloc/Air  14%        2d11      12%         3
 Stone Arrow              Conj/Erth      10%        3d7       16%         3
 Flame Wave               Conj/Fire      12%        2d6       21%         4


Dungeon Overview and Level Annotations

Branches:
Dungeon (4/15)
 Temple: D:4-7

Altars:


Innate Abilities, Weirdness & Mutations

Your plain brown scales are hard. (AC +5)
You cannot fit into any form of body armour.
You are cold-blooded and may be slowed by cold attacks.


Message History

Confirm with . or Enter, or press ? or * to list all spells.
Flames lash the orc.
You kill the orc!
You hear an angry hiss.
An adder comes into view.
You hit the jackal.
Your tail-slap misses the jackal.
The jackal is almost dead.
The jackal misses you.
You hit the jackal.
You kill the jackal!
The goblin hits you but does no damage.
A dart slug comes into view.
Items here: $ )) †.
The goblin attacks as you move away! The goblin barely misses you.
The adder attacks as you move away! The adder bites you but does no damage.
Casting: Scorch (safe; 1% risk of failure)
Confirm with . or Enter, or press ? or * to list all spells.
Flames lash the iguana.
The iguana is severely wounded.
The iguana's fire resistance burns away.
The goblin barely misses you.
You hit the goblin. You tail-slap the goblin.
You kill the goblin!
You closely miss the iguana.
You tail-slap the iguana, but do no damage.
The iguana is severely wounded.
The iguana bites you but does no damage.
You hit the iguana but do no damage.
Your tail-slap misses the iguana.
The iguana is severely wounded.
The iguana barely misses you.
Casting: Scorch (safe; 1% risk of failure)
Confirm with . or Enter, or press ? or * to list all spells.
Flames lash the adder.
The adder is severely wounded.
The adder's fire resistance burns away.
The iguana closely misses you.
You hit the iguana.
The iguana is severely wounded.
The iguana is no longer more vulnerable to fire.
The iguana bites you! x2
You die...

### .. #.# ..# . ..#
... ###..#.#..
#.l†.)....
####@#...###.
#......#.#Sr. .##
#........###. ....
#####............
#...###.......####..#..
###........##### .....
##......<..#######
....#
.................. ..
..#..####.###.####


You could see an iguana, a quokka and a ball python.

Vanquished Creatures
  A hound (D:4)
  A worm (D:2)
  A dart slug (D:2)
  3 orcs (D:4)
  3 bats
  An endoplasm (D:3)
  6 giant cockroaches
  6 goblins
  A hobgoblin (D:3)
  A jackal (D:4)
  5 kobolds
  A quokka (D:1)
  7 ball pythons
  3 frilled lizards
  5 rats
45 creatures vanquished.

Vanquished Creatures (others)
  115 foxfires
115 creatures vanquished.

Grand Total: 160 creatures vanquished

Notes
Turn   | Place    | Note
-------+----------+-------------------------------------------
     0 | D:1      | Barriton the Draconian Fire Elementalist began the quest
                  | for the Orb.
     0 | D:1      | Reached XP level 1. HP: 14/14 MP: 3/3
   245 | D:1      | Reached XP level 2. HP: 20/20 MP: 0/5
  1109 | D:2      | Learned a level 2 spell: Scorch
  1160 | D:2      | Found a faded altar of an unknown god.
  1601 | D:2      | Reached XP level 3. HP: 26/26 MP: 2/6
  2388 | D:4      | Reached skill level 4 in Fire Magic
  2388 | D:4      | Reached XP level 4. HP: 33/33 MP: 3/8
  2406 | D:4      | Slain by an iguana

Illustrated notes

Levels and vault maps discovered:
D:1:      amcnicky_arrival_blooded_trapdoor, layout_loops_cross,
          minmay_misc_feat_pillars
D:2:      layout_rooms, serial_rivers, chequers_serial_rivers_large_a,
          chequers_serial_rivers_micro_e, chequers_serial_rivers_micro_d,
          chequers_serial_rivers_small_b, shapermc_ecumenical_altar_mp_highgroup
D:3:      layout_rooms, minmay_misc_feat_roman, st_stairs_4
D:4:      layout_rooms, grunt_temple_overflow_diamond, serial_shops,
          kennysheep_little_box, portal_sewer_entry_d, minmay_fractal_squares_5

Skill      XL: |  1  2  3 |
---------------+----------+-----
Stealth        | 2 |  2.1
Spellcasting   | 3 |  3.0
Fire Magic     | 4 |  4.0
Dodging        | |  1.9
Conjurations   | |  1.2

Action                     |  1- 3 |  4- 6 || total
---------------------------+-------+-------++-------
  Melee: Unarmed           |     4 |       ||     4
         Spear             |       |    10 ||    10
         Tailslap          |       |     2 ||     2
   Cast: Foxfire           |    75 |     1 ||    76
         Scorch            |     9 |     5 ||    14
    Use: Scroll            |     6 |       ||     6
 Armour: Skin              |     3 |     4 ||     7
  Dodge: Dodged            |    13 |     6 ||    19

Table legend: (Time is in decaauts)
 A = Elapsed time spent in this place.
 B = Non-inter-level travel time spent in this place.
 C = Inter-level travel time spent in this place.
 D = Time resting spent in this place.
 E = Time spent auto-exploring this place.
 F = Levels seen in this place.
 G = Mean time per level.
                   A        B        C        D        E       F      G
               +--------+--------+--------+--------+--------+-----+--------+
         Total |   2412 |   2294 |    118 |      0 |   1988 |   4 |  603.0 |
       Dungeon |   2412 |   2294 |    118 |      0 |   1988 |   4 |  603.0 |
               +--------+--------+--------+--------+--------+-----+--------+

Top non-repeatable levels by time:
     D:1: 1105 daAuts
     D:2: 745 daAuts
     D:3: 484 daAuts
     D:4: 77 daAuts
